[Event "*** Titled Tuesday Blitz"]
[Site "Chess.com"]
[Date "2021.02.16"]
[Round "11"]
[White "mirochka"]
[Black "HouseOfDurin"]
[Result "0-1"]
[WhiteElo "2261"]
[BlackElo "2169"]
[TimeControl "180+1"]
[EndTime "12:10:32 PST"]
[Termination "HouseOfDurin won on time"]

1. e4 c5 2. d4 cxd4 3. c3 dxc3 4. Nxc3 Nc6 5. Nf3 d6 6. Bc4 e6 7. O-O Be7 8. Qe2 Nf6 9. Rd1 Qa5 10. Bf4 e5 11. Bg5 Bg4 12. Bxf6 Bxf6 13. Rxd6 O-O 14. Qe3 Nd4 15. Nd5 Nc2 16. Qc1 Nxa1 17. Rxf6 Be6 18. b4 Qa4 19. Rxe6 fxe6 20. Nc3 Qc2 21. Qxa1 Rac8 22.
Bxe6+ Kh8 23. Nd1 Qc1 24. Qxc1 Rxc1 25. Bb3 Rd8 26. Kf1 Rdxd1+ 27. Bxd1 Rxd1+ 28. Ke2 Ra1 29.
Nxe5 Rxa2+ 30. Ke3 Rb2 31. b5 Rxb5 32. Nf7+ Kg8 33.
Nd6 Rb3+ 34. Kd4 a5 35. e5 Kf8 36. f4 a4 37. Kc4 Ke7 38. f5 Rb1 0-1

[Event "*** Titled Tuesday Blitz"]
[Site "Chess.com"]
[Date "2021.02.16"]
[Round "11"]
[White "Vugar_Manafov"]
[Black "Aslanov_Umid"]
[Result "1-0"]
[WhiteElo "2668"]
[BlackElo "2386"]
[TimeControl "180+1"]
[EndTime "12:10:33 PST"]
[Termination "Vugar_Manafov won by resignation"]

1. Nf3 d5 2. g3 c6 3. Bg2 Nf6 4.
O-O Bg4 5. d3 Nbd7 6. Nc3 e5 7. e4 Bd6 8. h3 Bxf3 9. Bxf3 d4 10. Ne2 O-O 11. Bg2 c5 12. f4 b5 13.
g4 exf4 14. Nxf4 Ne5 15. g5 Nfd7 16. h4 c4 17. a4 cxd3 18. cxd3 bxa4 19. Rxa4 Nb6 20.
Ra5 Nbc4 21. Rd5 Nb6 22. Ra5 Nbc4 23. Ra4 Nb6 24. Ra1 a5 25. Kh1 a4 26. Qe2 Rc8 27. Bh3 Rc6 28. Nd5 Nxd5 29. exd5 Rc5 30. Rxa4 Rxd5 31. Bg2 Rc5 32. Rxd4 Qc7 33. Bf4 Rc2 34. Qe4 Rxb2 35. Rxd6 Qxd6 36. Bxe5 Qb6 37. Bxb2 Qxb2 38. Qf3 Qd4 39. Qe4 Qb2 40. Qd5 Qb4 41. Be4 Qd2 42.
Qf5 Qe3 1-0

[Event "*** Titled Tuesday Blitz"]
[Site "Chess.com"]
[Date "2021.02.16"]
[Round "11"]
[White "NovikovaGalina"]
[Black "Piccadilly123"]
[Result "1-0"]
[WhiteElo "2392"]
[BlackElo "2253"]
[TimeControl "180+1"]
[EndTime "12:10:33 PST"]
[Termination "NovikovaGalina won on time"]

1. e4 e6 2. Nf3 d5 3. e5 c5 4. b4 cxb4 5. a3 Nc6 6. axb4 Bxb4 7. c3 Ba5 8. d4 Nge7 9. Bd3 h6 10. O-O Bd7 11.
Na3 a6 12. Bd2 O-O 13. Nc2 b5 14. Nfe1 Qb6 15. f4 b4 16. Rb1 b3 17. Ne3 Rab8 18.
Kh1 Qa7 19. f5 exf5 20. Nxf5 Nxf5 21. Bxf5 Bxf5 22. Rxf5 Qd7 23. Qf3 Nxd4 24. cxd4 Bxd2 25. Nd3 a5 26. Nc5 Qc6 27. Rxb3 a4 28. Rxb8 Rxb8 29. h3 Qg6 30. Nxa4 Bb4 31. Kh2 Bf8 32. Rf4 Qg5 33.
Rxf7 Be7 34. Qxd5 Kh8 35. Rf3 Rb4 36. Nc5 Rb2 37. Rg3 Qf4 38. Ne6 Qf2 39. Qa8+ 1-0

[Event "*** Titled Tuesday Blitz"]
[Site "Chess.com"]
[Date "2021.02.16"]
[Round "11"]
[White "GigaQuparadze"]
[Black "GM_Crest"]
[Result "0-1"]
[WhiteElo "2921"]
[BlackElo "2780"]
[TimeControl "180+1"]
[EndTime "12:10:34 PST"]
[Termination "GM_Crest won by resignation"]

1. e4 e6 2. d4 d5 3. Nd2 Be7 4. Bd3 c5 5. dxc5 Nf6 6. Qe2 O-O 7. Ngf3 a5 8. e5 Nfd7 9. Nb3 a4 10. Nbd4 Nxc5 11.
O-O Nc6 12. Be3 a3 13. b3 Nxd3 14. cxd3 Nb4 15. Rac1 Bd7 16. Qd2 Qa5 17. Bg5 Bxg5 18. Nxg5 h6 19. Ngf3 Rac8 20. h4 Bb5 21. Nxb5 Qxb5 22.
Nd4 Qb6 23. Ne2 Qb5 24. Nd4 Qb6 25. Ne2 Rc6 26. Rxc6 bxc6 27. Rc1 Rc8 28. Nf4 Qd4 29. g3 c5 30. Re1 Qb2 31. Qxb2 axb2 32. Rb1 Nxa2 33.
Rxb2 Nb4 34. Rd2 Ra8 35. Rd1 Ra3 36. Rc1 g5 37. hxg5 hxg5 38. Nh3 Nxd3 39. Rb1 g4 40. Nf4 Nxf4 41. gxf4 Kg7 42. Kg2 Kg6 43. f3 gxf3+ 44. Kxf3 c4 45. Rg1+ Kh7 46. Kg4 Rxb3 47. f5 Re3 48.
fxe6 fxe6 49. Kg5 Rxe5+ 50. Kf6 Re4 51. Rh1+ Kg8 52. Rg1+ Kf8 53. Ra1 Ke8 54. Ra7 Kd8 0-1

[Event "*** Titled Tuesday Blitz"]
[Site "Chess.com"]
[Date "2021.02.16"]
[Round "11"]
[White "Mr_Sinigami"]
[Black "lilleper1"]
[Result "0-1"]
[WhiteElo "2661"]
[BlackElo "2835"]
[TimeControl "180+1"]
[EndTime "12:10:35 PST"]
[Termination "lilleper1 won by resignation"]

1. d4 Nf6 2. Nf3 b6 3. Bf4 Bb7 4. e3 d6 5. h3 Nbd7 6. Be2 g6 7. O-O Bg7 8. a4 a5 9. Na3 O-O 10. c3 Ne4 11. Bh2 e6 12. Nd2 Nxd2 13. Qxd2 Qg5 14. Bg3 Nf6 15. h4 Qf5 16. f3 e5 17. Nb5 Rac8 18.
e4 Qe6 19. dxe5 dxe5 20. Rfd1 Nh5 21. Bf2 Nf4 22. Bf1 Bh6 23. Qd7 Qf6 24. Na7 Ra8 25. Nb5 Ne6 26. Nxc7 Rad8 27. Nxe6 Rxd7 28. Rxd7 Qxe6 29.
Rxb7 Rd8 30. Rxb6 Qe7 31. Bc4 Rd2 32. Rb8+ Kg7 33. Bd5 Rxf2 34. Kxf2 Qa7+ 35. Kf1 Qxb8 36. b4 axb4 37. cxb4 Qxb4 38. a5 Be3 39. Ra2 Ba7 40.
a6 Qd4 41. Ke2 Qf2+ 42. Kd3 Qxh4 43. Kc4 Qe7 44. Ra5 Qc7+ 45. Kb4 Qb6+ 46. Ka4 Qd4+ 47. Kb3 Qd3+ 48. Kb4 Qd2+ 49. Ka4 Qxg2 50. Rb5 Qc2+ 51. Kb4 h5 52. Rb7 Qc5+ 53. Kb3 h4 54. Rxf7+ Kh6 55. Rc7 Qxc7 0-1

[Event "*** Titled Tuesday Blitz"]
[Site "Chess.com"]
[Date "2021.02.16"]
[Round "11"]
[White "eldur16"]
[Black "SanchezKelvin"]
[Result "1-0"]
[WhiteElo "2498"]
[BlackElo "2395"]
[TimeControl "180+1"]
[EndTime "12:10:35 PST"]
[Termination "eldur16 won by resignation"]

1. Nf3 c5 2. g3 g6 3. Bg2 Bg7 4. O-O Nc6 5. c4 Nf6 6. d4 O-O 7.
Nc3 d6 8. dxc5 dxc5 9. Bf4 Be6 10. Ne5 Nxe5 11. Bxe5 Bxc4 12. Bxb7 Qxd1 13. Raxd1 Rad8 14. b3 Be6 15. Na4 c4 16. Nc5 cxb3 17. Nxe6 fxe6 18.
axb3 Rxd1 19. Rxd1 Ng4 20. Bxg7 Kxg7 21. f3 Nf6 22. Ba6 Nd5 23. Kf2 Kf6 24. Ra1 Nb6 25.
Bb5 Ra8 26. Bd3 a5 27. Bb5 Nd5 28. Rc1 Rb8 29. Rc5 Nc3 30. Ba4 Nxa4 31. bxa4 Rb2 32. Rxa5 Ra2 33. Ra7 Ra1 34. h4 h5 35. Ke3 Rg1 36. Kf2 Ra1 37. a5 Kf7 38. Ke3 Rg1 39.
a6 Rxg3 40. Kf2 Rh3 41. Kg2 Rxh4 42. e4 g5 43. Rxe7+ Kxe7 44. a7 Rf4 45. a8=Q Rf8 46.
Qb7+ Kf6 47. Qh7 h4 48. Qh6+ Kf7 49. e5 Ke7 50. Qxg5+ Ke8 51. Qxh4 1-0

[Event "*** Titled Tuesday Blitz"]
[Site "Chess.com"]
[Date "2021.02.16"]
[Round "11"]
[White "Nozdrachev_Leonid"]
[Black "Margency"]
[Result "0-1"]
[WhiteElo "2536"]
[BlackElo "2684"]
[TimeControl "180+1"]
[EndTime "12:10:36 PST"]
[Termination "Margency won by resignation"]

1. e4 c5 2. c3 d6 3. d4 Nf6 4. Bd3 g6 5. Nf3 Bg7 6. h3 O-O 7. O-O cxd4 8. cxd4 d5 9. e5 Ne4 10. Qe2 Nc6 11. Be3 f6 12. exf6 exf6 13. Bxe4 dxe4 14.
Nfd2 f5 15. Nb3 Be6 16. Nc5 Bf7 17. Nxb7 Qb6 18. Nd6 Nxd4 19. Bxd4 Qxd4 20. Nxf7 Rxf7 21.
Nc3 Rc8 22. Rad1 Qc4 23. Rd8+ Rf8 24. Rxf8+ Kxf8 25. Qd2 Qd4 26. Qc2 e3 27. fxe3 Qxe3+ 28. Kh1 Rd8 29. Ne4 Qd3 30. Qxd3 Rxd3 31. Nc5 Re3 32.
b4 Re2 33. a4 Bd4 34. Rd1 Bf2 35. Nd3 Bg3 36. b5 Ra2 37. Nc5 h5 38. Ne6+ Ke7 39.
Nc5 h4 40. Rd7+ Kf6 41. Rd1 Ke5 42. Nd3+ Ke4 43. Nc5+ Ke3 44. Kg1 Ke2 45. Rb1 Bf2+ 46. Kh1 Bxc5 47. Rc1 Be3 48. Rb1 Rxa4 0-1

[Event "*** Titled Tuesday Blitz"]
[Site "Chess.com"]
[Date "2021.02.16"]
[Round "11"]
[White "Jospem"]
[Black "Witik"]
[Result "1-0"]
[WhiteElo "3009"]
[BlackElo "2781"]
[TimeControl "180+1"]
[EndTime "12:10:37 PST"]
[Termination "Jospem won on time"]

1. e4 c6 2. Nf3 d5 3. d3 Bg4 4.
Nbd2 e6 5. h3 Bh5 6. Qe2 a5 7.
g4 Bg6 8. h4 h6 9. Rg1 Nf6 10.
h5 Bh7 11. g5 hxg5 12. Nxg5 Bg8 13. Ndf3 Nbd7 14. Bd2 a4 15. a3 Rxh5 16. O-O-O g6 17. Bh3 Qe7 18. Bb4 c5 19. Bd2 d4 20. e5 Nd5 21.
Bg4 Rh8 22. Ne4 Ra6 23. Rh1 Rxh1 24. Rxh1 Bg7 25. Bh6 Qf8 26. Qd2 Kd8 27. Nd6 Rxd6 28.
Bxg7 Qxg7 29. exd6 b6 30. Qh6 Qxh6+ 31. Rxh6 Ke8 32. Kd2 Kf8 33. c3 Kg7 34. Rh1 dxc3+ 35. bxc3 f5 36. Bh3 e5 37. Rg1 Kf6 38. Bxf5 Kxf5 39.
Nh4+ Ke6 40. Rxg6+ N7f6 41. Nf3 Kxd6 42. c4 Bf7 43. Rh6 1-0

[Event "*** Titled Tuesday Blitz"]
[Site "Chess.com"]
[Date "2021.02.16"]
[Round "11"]
[White "frenchpin"]
[Black "Arseniy_Nesterov"]
[Result "1-0"]
[WhiteElo "2513"]
[BlackElo "2757"]
[TimeControl "180+1"]
[EndTime "12:10:37 PST"]
[Termination "frenchpin won by resignation"]

1. e4 e5 2. Nf3 Nc6 3. Bc4 Bc5 4. c3 Nf6 5. d4 exd4 6. cxd4 Bb4+ 7. Bd2 Bxd2+ 8. Nbxd2 d5 9. exd5 Nxd5 10. O-O O-O 11.
Ne5 Nb6 12. Nxc6 bxc6 13. Bd3 Qxd4 14. Qc2 g6 15. Nb3 Qf6 16. Rac1 Rd8 17. Be4 Ba6 18.
Rfe1 Bc4 19. Na5 Bd5 20. Nxc6 Bxe4 21. Rxe4 Rd6 22. g3 Nd5 23. a3 a5 24. Re5 Ra6 25. Re8+ Kg7 26. Ne5 h5 27. Kg2 Re6 28. Rxe6 Rxe6 29. Nf3 Rb6 30. b3 c6 31. Qc4 Ne7 32.
h4 Rb5 33. Qc3 Qxc3 34. Rxc3 c5 35. Ne5 Nd5 36. Rf3 f6 37. Nc4 a4 38. bxa4 Rb8 39.
a5 Nc7 40. Rd3 Ne6 41. Rd7+ Kh6 42. a6 Rb3 43. a7 1-0

[Event "*** Titled Tuesday Blitz"]
[Site "Chess.com"]
[Date "2021.02.16"]
[Round "11"]
[White "queen_iryna"]
[Black "beautroll"]
[Result "1-0"]
[WhiteElo "2394"]
[BlackElo "2463"]
[TimeControl "180+1"]
[EndTime "12:10:37 PST"]
[Termination "queen_iryna won by checkmate"]

1. e4 c5 2. Nf3 d6 3. Bb5+ Nc6 4.
Bxc6+ bxc6 5. O-O Bg4 6. Re1 e5 7. c3 Nf6 8. h3 Bxf3 9. Qxf3 Be7 10. d4 cxd4 11. cxd4 exd4 12. e5 dxe5 13. Qxc6+ Nd7 14. Rxe5 Rc8 15. Rxe7+ Kxe7 16. Qe4+ Kf8 17. Nd2 Nc5 18. Qg4 h5 19. Qf3 Qf6 20. Qa3 Kg8 21. Nf3 Ne6 22. Bd2 Kh7 23. Qxa7 Rc2 24. Qa3 Rhc8 25. Re1 Qf5 26. b4 g5 27. Re5 Qf6 28.
Qd3+ Qg6 29. Qe2 d3 30. Qe1 g4 31. hxg4 hxg4 32. Nh4 Qf6 33. Qe4+ Kg7 34. Nf5+ Kg8 35.
Qxg4+ Kf8 36. Bh6+ Ke8 37. Qg8+ Kd7 38. Rd5+ Kc7 39.
Qg3+ Kb6 40. Qxd3 Rc1+ 41. Kh2 R1c3 42. Be3+ Kc7 43. Rd7+ Kc6 44. Qd5# 1-0

[Event "*** Titled Tuesday Blitz"]
[Site "Chess.com"]
[Date "2021.02.16"]
[Round "11"]
[White "night_player"]
[Black "IAgrest"]
[Result "1-0"]
[WhiteElo "2200"]
[BlackElo "2266"]
[TimeControl "180+1"]
[EndTime "12:10:37 PST"]
[Termination "night_player won by checkmate"]

1. e4 e5 2. Nf3 Nc6 3. Bb5 a6 4.
Ba4 Nf6 5. O-O b5 6. Bb3 Bc5 7. h3 d6 8. Re1 O-O 9. c3 Bb6 10. d4 Bb7 11. Bg5 h6 12. Bh4 exd4 13.
cxd4 Na5 14. Bc2 c5 15. Nc3 cxd4 16. Nxd4 Nc4 17. Rb1 Re8 18. Nf5 Rc8 19. Bb3 d5 20. Nxd5 Bxd5 21. exd5 Qd7 22. Bxf6 Qxf5 23. Bh4 Rxe1+ 24.
Qxe1 Qxd5 25. Bg3 Qd4 26. Qe2 a5 27. Rd1 Qf6 28. Bxc4 bxc4 29. Rd6 Bxf2+ 30. Qxf2 Qg5 31. Kh2 c3 32. bxc3 Rxc3 33. Qf4 Qc5 34. Rd8+ Kh7 35. Qxf7 Qg5 36. Qg8+ Kg6 37. Rd6+ Kh5 38. Rd5 Rxg3 39.
Rxg5+ Rxg5 40. Qf7+ g6 41. g4+ Kh4 42. Qf4 h5 43. Qg3# 1-0

[Event "*** Titled Tuesday Blitz"]
[Site "Chess.com"]
[Date "2021.02.16"]
[Round "11"]
[White "rugbyclub"]
[Black "Euge_chess"]
[Result "1-0"]
[WhiteElo "2273"]
[BlackElo "2099"]
[TimeControl "180+1"]
[EndTime "12:10:37 PST"]
[Termination "rugbyclub won on time"]

1. d4 Nf6 2. Nf3 e6 3. Bf4 c5 4.
e3 d5 5. c3 Nc6 6. Nbd2 c4 7. Be2 Bd6 8. Bg3 O-O 9. O-O Bxg3 10.
hxg3 Qc7 11. b3 cxb3 12. axb3 e5 13. Rc1 e4 14. Nh2 Qd6 15. c4 Be6 16. f4 exf3 17.
Rxf3 Rfe8 18. Nhf1 Bg4 19. Rf4 Bxe2 20. Qxe2 dxc4 21.
bxc4 Rad8 22. Qf3 Qa3 23. Rb1 Qe7 24. g4 h6 25. Rb3 Nh7 26. Ng3 Ng5 27. Qf2 g6 28.
Nde4 Kg7 29. Nf6 Rf8 30. Nd5 Qe6 31. Rxb7 Rde8 32. Rf6 Ne4 33. Rxe6 Ng5 34. Rxe8 Rxe8 35. Rc7 Re6 36. Nf4 Rf6 37. Qb2 Ne7 38. d5 Nf5 39.
gxf5 gxf5 40. Nxf5+ 1-0

[Event "*** Titled Tuesday Blitz"]
[Site "Chess.com"]
[Date "2021.02.16"]
[Round "11"]
[White "mr65"]
[Black "jd001"]
[Result "0-1"]
[WhiteElo "2136"]
[BlackElo "2269"]
[TimeControl "180+1"]
[EndTime "12:10:38 PST"]
[Termination "jd001 won on time"]

1. e4 Nf6 2. e5 Nd5 3. d4 d6 4.
Nf3 Bg4 5. Be2 e6 6. c4 Nb6 7. exd6 cxd6 8. O-O Nc6 9. b3 d5 10. c5 Nc8 11. Nc3 Be7 12. h3 Bh5 13. Rb1 a6 14.
b4 O-O 15. a4 Bf6 16. Be3 N8e7 17. b5 axb5 18. axb5 Na5 19. b6 Nf5 20. Nb5 Nc4 21. Qc1 Bxf3 22. Bxf3 Ra2 23. Rd1 Nfxe3 24. fxe3 Bg5 25.
Rb3 Qf6 26. Qc3 Bxe3+ 27. Kh1 Bf4 28. Ra1 Rxa1+ 29. Qxa1 Qh4 30. Be2 Qf2 31. Bxc4 dxc4 32. Rf3 Qd2 33. Rxf4 Qxf4 34. Nd6 Rb8 35. Nxc4 f6 36.
Nd6 e5 37. Nxb7 exd4 38. c6 d3 39. c7 Re8 40. Nc5 d2 41. Qg1 Qc4 0-1

[Event "*** Titled Tuesday Blitz"]
[Site "Chess.com"]
[Date "2021.02.16"]
[Round "11"]
[White "EugeneRougon"]
[Black "CSB7"]
[Result "0-1"]
[WhiteElo "2709"]
[BlackElo "2560"]
[TimeControl "180+1"]
[EndTime "12:10:39 PST"]
[Termination "CSB7 won on time"]

1. e4 e5 2. Nf3 Nc6 3. Bb5 Nf6 4.
O-O Nxe4 5. d4 Nd6 6. Bxc6 dxc6 7. dxe5 Nf5 8. Qxd8+ Kxd8 9. h3 Bd7 10. Nc3 h6 11. b3 Kc8 12. Bb2 b6 13. Rad1 c5 14.
Nd5 a5 15. a4 c4 16. Rfe1 cxb3 17. cxb3 Be6 18. Rd3 Kb7 19. g4 Ne7 20. Nf4 Nc6 21. Nxe6 fxe6 22. Nh4 Bb4 23. Red1 g5 24. Ng2 Raf8 25.
Ne3 Rf3 26. Kg2 Rhf8 27. Rf1 Bc5 28. Bc3 Ne7 29. Bd2 Ng6 30. Kh2 Nxe5 31. Rc3 Rxf2+ 32. Rxf2 Rxf2+ 33. Kg3 Rxd2 34. Ng2 Bf2+ 35. Kh2 Bd4 36.
Rc1 Nf3+ 37. Kg3 Rd3 38. Rb1 Nh4+ 39. Kh2 Rd2 40. Kh1 Rxg2 41. b4 Rf2 42. bxa5 Nf3 43. a6+ Ka8 44. Rb2 Rh2+ 0-1

[Event "*** Titled Tuesday Blitz"]
[Site "Chess.com"]
[Date "2021.02.16"]
[Round "11"]
[White "Srisshhhtea"]
[Black "cstevens1"]
[Result "1-0"]
[WhiteElo "2445"]
[BlackElo "2600"]
[TimeControl "180+1"]
[EndTime "12:10:39 PST"]
[Termination "Srisshhhtea won on time"]

1. e4 c5 2. Nf3 e6 3. d4 cxd4 4. Nxd4 a6 5. Bd3 Bc5 6. Nb3 Be7 7. O-O Qc7 8. Nc3 d6 9. f4 Nd7 10. Be3 Ngf6 11. Kh1 b6 12. Qf3 Bb7 13. Rae1 h5 14. Qg3 h4 15. Qh3 O-O-O 16. a4 Nh5 17.
f5 Ng3+ 18. Kg1 Nxf1 19. Rxf1 Nc5 20. Nxc5 dxc5 21. fxe6 fxe6 22. Qxe6+ Kb8 23. Rf7 Rhe8 24. Bf4 Bd6 25. Qf5 Bxf4 26. Rxc7 Bxc7 27. Qg4 Be5 28.
a5 b5 29. Qxh4 c4 30. Be2 Rh8 31. Qg5 Bxh2+ 32. Kf2 Rhf8+ 33. Bf3 Bf4 34. Qc5 Rfe8 35. Ne2 Be5 36. c3 Rd2 37. Ke1 Rxb2 38. Bh5 Re6 39. Bf7 Rb1+ 40. Kd2 Rd6+ 41. Ke3 1-0

[Event "*** Titled Tuesday Blitz"]
[Site "Chess.com"]
[Date "2021.02.16"]
[Round "11"]
[White "mishanick"]
[Black "hansen"]
[Result "0-1"]
[WhiteElo "3004"]
[BlackElo "2957"]
[TimeControl "180+1"]
[EndTime "12:10:42 PST"]
[Termination "hansen won by resignation"]

1. e4 c5 2. Nf3 e6 3. d4 cxd4 4. Nxd4 a6 5. Bd3 Bc5 6. Nb3 Be7 7. Qg4 g6 8. Qe2 d6 9. O-O Nd7 10. f4 Qc7 11. c4 Ngf6 12. Nc3 O-O 13. Be3 b6 14. a4 Rb8 15. Rac1 Nc5 16. Bc2 Bb7 17. Nd2 Rbc8 18. b4 Ncd7 19. Bd3 Rfe8 20. Nb3 Bf8 21. a5 bxa5 22. Nxa5 Ba8 23. Rb1 Rb8 24. Rfc1 h5 25. h3 h4 26. Qf2 Be7 27. Bd4 Nh5 28. Be2 Nxf4 29. Qxf4 e5 30. Bxe5 dxe5 31. Nd5 Qxa5 32.
Nxe7+ Rxe7 33. Qxh4 Qd8 34. Rd1 Qb6+ 35. c5 Qf6 36.
Qg3 Bxe4 37. Rb2 Nxc5 38. Rf1 Qb6 39. Qh4 Nd3+ 40. Kh2 Nxb2 41. Qxe7 Qe6 42. Qc7 Rc8 43. Qa7 Bd3 44. Bg4 f5 45. Rf2 fxg4 46. Rf7 Qxf7 0-1

[Event "*** Titled Tuesday Blitz"]
[Site "Chess.com"]
[Date "2021.02.16"]
[Round "11"]
[White "Krakozia"]
[Black "Indianlad"]
[Result "1-0"]
[WhiteElo "2877"]
[BlackElo "2922"]
[TimeControl "180+1"]
[EndTime "12:10:42 PST"]
[Termination "Krakozia won by resignation"]

1. e4 c6 2. d4 d5 3. e5 Bf5 4. Nf3 e6 5. Be2 Nd7 6. O-O f6 7. c4 fxe5 8. dxe5 Bc5 9. Nbd2 Ne7 10.
Nb3 Bb6 11. Nbd4 O-O 12. cxd5 cxd5 13. Re1 Nc6 14. Nxf5 Rxf5 15. Bd3 Rf8 16. Bxh7+ Kxh7 17. Ng5+ Kg6 18. Qd3+ Rf5 19. g4 Bxf2+ 20. Kg2 Ndxe5 21.
gxf5+ exf5 22. Rxe5 Nxe5 23. Qe2 Bd4 24. Bf4 Qf6 25.
Rd1 Ng4 26. Rd3 Rh8 27. h3 Be5 28. Bd2 f4 29. Nf3 Ne3+ 30. Bxe3 fxe3 31. Rxe3 Qf5 32. Nxe5+ Kh7 33. Qd3 Qxd3 34. Rxd3 Rc8 35. Nf3 Kg6 36.
Rxd5 Kf6 37. Kg3 Rc2 38. Rd2 Rc1 39. Rd7 b6 40. Rxa7 Rc2 41. b3 g5 42. Ra6 1-0

[Event "*** Titled Tuesday Blitz"]
[Site "Chess.com"]
[Date "2021.02.16"]
[Round "11"]
[White "rasmussvane"]
[Black "DenLaz"]
[Result "1-0"]
[WhiteElo "2934"]
[BlackElo "2807"]
[TimeControl "180+1"]
[EndTime "12:10:42 PST"]
[Termination "rasmussvane won by resignation"]

1. Nf3 d5 2. g3 c6 3. Bg2 Bf5 4. O-O e6 5. c4 dxc4 6. Nh4 Bg4 7. Nf3 Nd7 8. Qc2 Ngf6 9. Qxc4 Bxf3 10. Bxf3 Ne5 11.
Qb3 Nxf3+ 12. Qxf3 Qd5 13. Kg2 Bc5 14. Nc3 Qxf3+ 15.
Kxf3 O-O-O 16. d3 Bd4 17. Be3 e5 18. Rac1 Rhe8 19. Rc2 Bxc3 20. Rxc3 e4+ 21. dxe4 Nxe4 22.
Rc2 f5 23. Rfc1 Kb8 24. h3 h5 25. a4 Rd5 26. b4 a6 27. Rb2 g5 28. Rc4 g4+ 29.
Kg2 Re6 30. Rd4 Rxd4 31. Bxd4 Kc8 32. Be3 Nf6 33. b5 Nd5 34. Bd4 axb5 35. axb5 Re4 36.
e3 Re7 37. Rb1 cxb5 38. Rxb5 Rd7 39. h4 Kc7 40. Kf1 Kc6 41. Rc5+ Kd6 42. Rc8 b5 43. Rh8 b4 44. Rh6+ Kc7 45. Rxh5 Rf7 46. Rg5 b3 47. h5 Nb4 48. h6 Kd7 49. Rg7 Ke8 50. Rxf7 Kxf7 51.
h7 1-0

[Event "*** Titled Tuesday Blitz"]
[Site "Chess.com"]
[Date "2021.02.16"]
[Round "11"]
[White "dretch"]
[Black "EvgenyT"]
[Result "1-0"]
[WhiteElo "2861"]
[BlackElo "2930"]
[TimeControl "180+1"]
[EndTime "12:10:42 PST"]
[Termination "dretch won by resignation"]

1. d4 Nf6 2. c4 e6 3. Nc3 Bb4 4.
Qc2 d6 5. Nf3 Nbd7 6. e4 e5 7.
Bd3 O-O 8. O-O c6 9. Bg5 h6 10. Bh4 Re8 11. Rad1 Qe7 12. a3 Ba5 13. b4 Bc7 14. d5 Nf8 15. dxc6 bxc6 16. b5 Bd7 17. Qa4 Ne6 18. Bxf6 gxf6 19. bxc6 Nc5 20. Qc2 Bxc6 21. Qc1 Qf8 22. Nh4 Ba5 23. Nd5 Bxd5 24. exd5 e4 25. Be2 Re5 26. Qf4 Qg7 27. Nf5 Qg5 28. Qxg5+ fxg5 29. Nxd6 a6 30. Bh5 f5 31. Bg6 f4 32. Nf5 e3 33.
fxe3 fxe3 34. Bh5 e2 35. Bxe2 Rxe2 36. d6 Rd8 37. Nxh6+ Kg7 38. Nf5+ Kg6 39. Ne7+ Kg7 40. Rd5 Bb6 41. Rxg5+ Kh6 42. Rg6+ Kh5 43. Rf5+ Kh4 44. g3+ 1-0

[Event "*** Titled Tuesday Blitz"]
[Site "Chess.com"]
[Date "2021.02.16"]
[Round "11"]
[White "Kislov_Oleg"]
[Black "frederiksvane"]
[Result "0-1"]
[WhiteElo "2537"]
[BlackElo "2704"]
[TimeControl "180+1"]
[EndTime "12:10:42 PST"]
[Termination "frederiksvane won on time"]

1. d4 Nf6 2. Nc3 d5 3. Bg5 c6 4. Nf3 Bf5 5. e3 Ne4 6. Nxe4 Bxe4 7. Bd3 Qa5+ 8. c3 Nd7 9. O-O e6 10. b4 Qc7 11. Bf4 Bd6 12. Bxd6 Qxd6 13. Bxe4 dxe4 14.
Nd2 f5 15. Rb1 O-O 16. c4 Rfd8 17. c5 Qe7 18. Nc4 Nf6 19. Nd6 Ne8 20. Nxe8 Qxe8 21. b5 e5 22. bxc6 bxc6 23. Qb3+ Kh8 24. Rfd1 exd4 25. Rxd4 Rxd4 26. exd4 Rd8 27. Qa4 Qd7 28. Rd1 h6 29. g3 Kh7 30. h4 f4 31.
d5 fxg3 32. Qxe4+ Kh8 33. fxg3 cxd5 34. Qf4 d4 35. Rd3 Qb5 36. Qf5 Qc4 37. Kh2 Rd5 38. Qf8+ Kh7 39. Rf3 Qxc5 40. Rf7 Qxf8 41. Rxf8 d3 42.
Rf1 Ra5 43. Rf2 Rc5 44. Kg2 Rc2 45. Kf3 Kg6 46. g4 h5 47. gxh5+ Kxh5 48. Rf1 Kxh4 49. Ke3 d2 50. Rh1+ Kg5 51. Kd3 Rc1 0-1

[Event "*** Titled Tuesday Blitz"]
[Site "Chess.com"]
[Date "2021.02.16"]
[Round "11"]
[White "Zubrrr"]
[Black "MFBerna"]
[Result "1-0"]
[WhiteElo "2655"]
[BlackElo "2507"]
[TimeControl "180+1"]
[EndTime "12:10:42 PST"]
[Termination "Zubrrr won by resignation"]

1. c4 c6 2. b3 d5 3. Bb2 Nf6 4. Nf3 Bf5 5. d3 e6 6. Nbd2 Be7 7. g3 Nbd7 8. Bg2 O-O 9. O-O a5 10. Nh4 Bg6 11. Nxg6 hxg6 12. a3 Ne8 13. Qc2 Bf6 14. d4 Nd6 15. Rad1 Qe7 16. Rfe1 Rfc8 17. e4 dxe4 18. c5 Nf5 19. Nxe4 Rd8 20. Rd3 Nf8 21. Nxf6+ gxf6 22. d5 cxd5 23. Bxd5 Rd7 24. Be4 Rad8 25.
b4 Rxd3 26. Bxd3 Nd4 27. Bxd4 Rxd4 28. b5 Qd8 29. Be4 Rd2 30. Qc3 Rd7 31. c6 bxc6 32.
bxc6 Ra7 33. Rc1 Qc7 34. Qxf6 Nh7 35. Qd4 Ng5 36. Bg2 Ra8 37. Qf4 Qe7 38. h4 Nh7 39. c7 Rc8 40. Bb7 e5 41. Qc4 Rxc7 42. Qxc7 Qxa3 43. Qb8+ Nf8 44. Rc8 Kg7 45. Qxe5+ Kh7 46.
Bd5 Qc1+ 47. Rxc1 1-0

[Event "*** Titled Tuesday Blitz"]
[Site "Chess.com"]
[Date "2021.02.16"]
[Round "11"]
[White "Deepweb2020"]
[Black "harlem4brew"]
[Result "0-1"]
[WhiteElo "2489"]
[BlackElo "2325"]
[TimeControl "180+1"]
[EndTime "12:10:42 PST"]
[Termination "harlem4brew won by checkmate"]

1. e4 e6 2. d4 d5 3. Nd2 dxe4 4. Nxe4 Nf6 5. Bg5 Be7 6. Ng3 h6 7. Be3 O-O 8. Bd3 b6 9. Qf3 Qd5 10. c4 Qxf3 11. Nxf3 Bb7 12. O-O-O Ng4 13. Rhe1 Nxe3 14.
fxe3 Nd7 15. b3 Rad8 16. e4 e5 17. Nf5 Bf6 18. d5 a5 19. a3 Ba6 20. Kb2 Nc5 21. Bf1 Kh7 22. b4 Nd7 23. d6 c5 24.
b5 Bc8 25. Ne7 Bb7 26. Nc6 Rc8 27. Ne7 Rcd8 28. h3 g6 29. Nd2 Rfe8 30. Nd5 Bg7 31. Nb1 Re6 32. Nc7 Rf6 33. Nc3 Bf8 34. Be2 Bxd6 35.
N7d5 Rf2 36. Ne3 Be7 37. Ng4 Rxg2 38. Rd2 Bg5 39. Rd6 h5 40. Red1 hxg4 41. hxg4 Bc8 42. Kb3 Be3 43. Bf1 Rg3 44. Nd5 Bd4+ 45. Ka4 Kg7 46. Nxb6 Nxb6+ 47. Rxb6 Bxg4 48. Rb1 Ra8 49. Ra6 Rb8 50. b6 Bd7+ 51. Rb5 Bb2 52. Kxa5 Rxa3# 0-1

[Event "*** Titled Tuesday Blitz"]
[Site "Chess.com"]
[Date "2021.02.16"]
[Round "11"]
[White "moventog"]
[Black "CraiggoryC"]
[Result "0-1"]
[WhiteElo "2305"]
[BlackElo "2219"]
[TimeControl "180+1"]
[EndTime "12:10:42 PST"]
[Termination "CraiggoryC won on time"]

1. e4 e6 2. d4 d5 3. Nc3 Bb4 4. e5 c5 5. a3 Bxc3+ 6. bxc3 Ne7 7. h4 Qa5 8. Bd2 Nbc6 9. h5 Bd7 10. Rh4 O-O-O 11.
Rf4 Rhf8 12. a4 f6 13. h6 fxe5 14. Rxf8 Rxf8 15. hxg7 Rg8 16. Qf3 Nf5 17. g4 Nxg7 18. Qf7 Qd8 19. dxc5 Qf8 20. Qxf8+ Rxf8 21. f3 Be8 22. Bh6 Rg8 23. Bd3 Bg6 24. Nh3 e4 25.
fxe4 dxe4 26. Bc4 Ne5 27. Bxg7 Nxc4 28. Bf6 Ne3 29. Ke2 Nxg4 30. Bg5 Ne5 31. Bf4 Nd7 32. Ng5 Nxc5 33. Be3 Kd7 34. Nxh7 Bxh7 35. Bxc5 Rg2+ 36. Ke3 Rxc2 37. Kd4 Rd2+ 38. Kc4 Rc2 39. Bxa7 Re2 40. Bc5 e3 41. Rd1+ Ke8 42. Rd6 Bf5 0-1

[Event "*** Titled Tuesday Blitz"]
[Site "Chess.com"]
[Date "2021.02.16"]
[Round "11"]
[White "MerryPoppies"]
[Black "catzapto"]
[Result "1-0"]
[WhiteElo "2163"]
[BlackElo "2088"]
[TimeControl "180+1"]
[EndTime "12:10:42 PST"]
[Termination "MerryPoppies won by resignation"]

1. c4 Nf6 2. Nc3 e6 3. Nf3 c6 4. d4 d5 5. cxd5 exd5 6. Bf4 Bd6 7. Bxd6 Qxd6 8. e3 O-O 9. Bd3 Re8 10. O-O Ne4 11.
Ne5 f6 12. Nxe4 dxe4 13. Nc4 Qe6 14. Be2 f5 15. Rc1 Nd7 16. Nd2 Nf6 17. Bc4 Nd5 18. Nb3 b6 19. Nd2 Kh8 20. Qb3 Bb7 21. Bxd5 Qxd5 22. Qxd5 cxd5 23. Rc7 Ba6 24. Rfc1 Rec8 25.
f3 Kg8 26. fxe4 fxe4 27. Kf2 Kf8 28. Kg3 Ke8 29. Kf4 Kd8 30. Rxc8+ Rxc8 31. Rxc8+ Kxc8 32. Ke5 Bb7 33. Kd6 a5 34. Nb1 Ba6 35. Kxd5 Bb7+ 36. Kd6 Ba6 37. Nc3 Bd3 38. Kc6 Bf1 39. g3 h5 40.
Kxb6 Bg2 41. Kc6 g5 42. d5 a4 43. d6 a3 44. bxa3 Kd8 45. a4 h4 46. gxh4 gxh4 47.
a5 Bf1 48. Nxe4 Bg2 49. Kd5 Kd7 50. a6 Bxe4+ 51. Kxe4 Kxd6 52. a7 Kc6 53. a8=Q+ 1-0